 Dungeon Crawl Stone Soup version 0.30-a0-883-g5ad918d77d (webtiles) character file.

Game seed: 2284142677918376962

3522 Ijustatesigmund the Magician (level 10, -8/111 HPs)
             Began as a Gnoll Fire Elementalist on Mar 17, 2023.
             Was an Initiate of Cheibriados.
             Mangled by a spriggan
             ... wielding a +6 flail of venom
              (10 damage)
             ... in a bailey.
             The game lasted 00:21:24 (6537 turns).

Ijustatesigmund the Magician (GnFE)                 Turns: 6537, Time: 00:21:25

Health: -8/111     AC: 25    Str:  8    XL:     10   Next: 8%
Magic:  20/20      EV:  2    Int: 26    God:    Cheibriados [......]
Gold:   65         SH:  0    Dex: 20    Spells: 14/23 levels left

rFire   . . .      SeeInvis .    f - +0 broad axe
rCold   . . .      Faith    .    (no shield)
rNeg    . . .      Spirit   .    a - melded +0 troll leather armour
rPois   +          Reflect  .    A - melded +1 helmet
rElec   .          Rampage  .    C - melded +1 cloak {rPois}
rCorr   .          NoTele   +    r - melded +1 pair of gloves
Will    .....                    B - melded +1 pair of boots
Stlth   ++                       n - amulet of regeneration
HPRegen 1.18/turn                u - +6 ring of dexterity
MPRegen 0.17/turn                y - +6 ring of intelligence

@: confused, mighty, lethally poisoned (-8 -> -9), tree-form (expiring),
ambrosia-drunk, very slow
A: stationary, stasis, torment immunity, boosted hp, (fangs 1), strong nose,
distributed training
a: Renounce Religion


You were in a bailey.
You worshipped Cheibriados.
Cheibriados was noncommittal.
You were a tree.
You visited 2 branches of the dungeon, and saw 8 of its levels.
You also visited: Ossuary and Bailey.

You collected 213 gold pieces.
You spent 148 gold pieces at shops.

Inventory:

Hand Weapons
 f - a +0 broad axe (weapon)
 x - the +5 sling of the Twenty Curses {heavy, rElec rF+ MP+9 Dex+3}
   (You took it off a goblin on level 4 of the Dungeon)

   Dex:       It affects your dexterity (+3).
   rF:        It protects you from fire.
   rElec:     It insulates you from electricity.
   MP:        It affects your magic capacity (+9).
Armour
 a - a +0 troll leather armour (melded)
 h - a +0 kite shield
 r - a +1 pair of gloves (melded)
 A - a +1 helmet (melded)
 B - a +1 pair of boots (melded)
 C - a +1 cloak of poison resistance (melded)
Jewellery
 g - a ring of protection from fire
 n - an amulet of regeneration (around neck)
 u - a +6 ring of dexterity (left branch)
 y - a +6 ring of intelligence (right branch)
 D - a ring of poison resistance
 F - a +6 ring of strength
Wands
 j - a wand of flame (25)
 s - a wand of mindburst (12)
Scrolls
 c - a scroll of immolation
 e - 2 scrolls of enchant weapon
 v - 4 scrolls of teleportation
 w - a scroll of enchant armour
Potions
 b - a potion of magic
 i - 2 potions of might
 k - 2 potions of mutation
 m - 2 potions of attraction
 o - a potion of flight
 p - a potion of ambrosia
 q - 2 potions of brilliance
 t - 2 potions of degeneration {unknown}
 z - a potion of invisibility {unknown}
 G - a potion of resistance {unknown}
 H - 2 potions of haste


   Skills:
 + Level 5.1 Fighting
 + Level 5.1 Short Blades
 + Level 5.1 Long Blades
 + Level 5.1 Axes
 + Level 5.1 Maces & Flails
 + Level 5.1 Polearms
 + Level 5.1 Staves
 + Level 5.1 Ranged Weapons
 + Level 5.1 Throwing
 + Level 5.1 Armour
 + Level 6.9 Dodging
 + Level 6.7 Stealth
 + Level 5.1 Shields
 + Level 5.1 Unarmed Combat
 + Level 7.2 Spellcasting
 + Level 4.8 Conjurations
 + Level 4.2 Hexes
 + Level 4.2 Summonings
 + Level 4.2 Necromancy
 + Level 4.2 Translocations
 + Level 4.2 Transmutations
 + Level 7.0 Fire Magic
 + Level 4.2 Ice Magic
 + Level 4.2 Air Magic
 + Level 4.2 Earth Magic
 + Level 4.2 Poison Magic
 + Level 5.6 Invocations
 + Level 5.1 Evocations


You had 14 spell levels left.
You knew the following spells:

 Your Spells              Type           Power      Damage    Failure   Level
a - Foxfire               Conj/Fire      100%       2x1d9     1%          1
b - Scorch                Fire           90%        2d9       1%          2
c - Poisonous Vapours     Pois/Air       62%        N/A       1%          2
d - Flame Wave            Conj/Fire      40%        2d11      5%          4

Your spell library contained the following spells:

 Spells                   Type           Power      Damage    Failure   Level
 Sting                    Tmut/Pois      100%       1d8       1%          1
 Inner Flame              Hex/Fire       38%        N/A       1%          3
 Kindle Blastsparks       Fire/Tloc/Air  72%        2d16      2%          3
 Gell's Gravitas          Tloc           31%        N/A       3%          3
 Teleport Other           Tloc           31%        N/A       3%          3
 Olgreb's Toxic Radiance  Pois           31%        N/A       11%         4
 Dispersal                Tloc           15%        N/A       86%         6


Dungeon Overview and Level Annotations

Branches:
Dungeon (7/15)             Temple (1/1) D:6         Ossuary (visited)
 Bailey (1/1)

Altars:
Ashenzari
Cheibriados
Dithmenos
Elyvilon
Fedhas
Gozag
Hepliaklqana
Kikubaaqudgha
Makhleb
Nemelex Xobeh
Okawaru
Qazlal
Ru
Sif Muna
Trog
Uskayaw
Vehumet
Wu Jian
Xom
Yredelemnul
Zin
The Shining One

Shops:
D:4 [


Innate Abilities, Weirdness & Mutations

You are a tree.
Your roots penetrate the ground, keeping you stationary.
You cannot be teleported.
You are immune to unholy pain and torment.
Your maximum health is greatly increased.
Your equipment is partially melded.
((You have very sharp teeth.))
Your uncanny sense of smell can sniff out nearby items.
Your experience applies equally to all skills.


Message History

* * * LOW HITPOINT WARNING * * *
The spriggan hits you but does no damage.
You are poisoned.
You closely miss the spriggan.
The spriggan is moderately wounded.
You feel sick.
The spriggan looks more healthy.
The spriggan hits you but does no damage.
You are more poisoned.
The spriggan hits you with a +6 flail of venom.
* * * LOW HITPOINT WARNING * * *
You feel better.
The spriggan hits you with a +6 flail of venom.
* * * LOW HITPOINT WARNING * * *
You are poisoned.
You miss the spriggan.
The spriggan is heavily wounded.
You feel very sick. The spriggan completely misses you.
The spriggan hits you with a +6 flail of venom!
* * * LOW HITPOINT WARNING * * *
You are more poisoned.
You are confused.
You feel invigorated.
You feel very sick.
The spriggan hits you with a +6 flail of venom.
* * * LOW HITPOINT WARNING * * *
The spriggan hits you with a +6 flail of venom.
* * * LOW HITPOINT WARNING * * *
You hit the spriggan but do no damage.
The spriggan is heavily wounded.
Your transformation is almost over.
You feel very sick. The spriggan barely misses you.
The spriggan hits you but does no damage.
You barely miss the spriggan.
You feel very sick.
The spriggan hits you with a +6 flail of venom!
* * * LOW HITPOINT WARNING * * *
The spriggan hits you with a +6 flail of venom!
You die...

##.## #..#
##...## #..#
#.....# ##..#
##.....###..♣
#...∩..~)~..#
∆
#......~)~..#
∆∆
#......~)~..#
#.....i~)~..#
∆
#...∩.♣~~~..#
##.....###).##
#.....# ##..##
##...## ##..#♣
# ##.##
##..####♣♣#.
###
##.........
##.......#
#########


You could see a spriggan (fast).

Vanquished Creatures
  A two-headed ogre (Bailey)
  A troll (D:6)
  Sigmund (D:6)
  2 spriggans (Bailey)
  A wraith (D:6)
  Eustachio (D:6)
  An acid dragon (D:5)
  A water moccasin (D:5)
  A black bear (D:6)
  2 sky beasts (D:6)
  An ice beast (D:6)
  6 ogres
  A centaur (D:4)
  A phantom (D:4)
  A bullfrog (D:6)
  2 scorpions
  A howler monkey (D:5)
  A centaur zombie (Ossuary)
  2 jellies (D:6)
  A gnoll bouda (D:5)
  A sleepcap (D:4)
  4 iguanas
  5 mummies (Ossuary)
  6 gnolls (D:5)
  7 adders
  A white imp (D:6)
  An ufetubus (D:5)
  A worm (D:2)
  2 dart slugs
  7 orcs
  6 endoplasms
  3 giant cockroaches
  9 goblins
  8 hobgoblins
  2 jackals (D:5)
  4 quokkas
  5 ball pythons
  4 bats
  3 frilled lizards
  4 hobgoblin zombies (Ossuary)
  3 kobolds
  2 rats (D:1)
117 creatures vanquished.

Vanquished Creatures (others)
  178 foxfires
178 creatures vanquished.

Grand Total: 295 creatures vanquished

Notes
Turn   | Place    | Note
-------+----------+-------------------------------------------
     0 | D:1      | Ijustatesigmund the Gnoll Fire Elementalist began the quest
                  | for the Orb.
     0 | D:1      | Reached XP level 1. HP: 13/13 MP: 6/6
   278 | D:1      | Reached XP level 2. HP: 19/19 MP: 2/7
   508 | D:1      | Learned a level 2 spell: Scorch
  1257 | D:2      | Reached skill level 5 in Spellcasting
  1257 | D:2      | Reached XP level 3. HP: 25/25 MP: 4/9
  1337 | D:2      | Reached skill level 1 in Invocations
  1655 | D:2      | Reached skill level 1 in Fighting
  1655 | D:2      | Reached skill level 1 in Short Blades
  1655 | D:2      | Reached skill level 1 in Long Blades
  1655 | D:2      | Reached skill level 1 in Axes
  1655 | D:2      | Reached skill level 1 in Maces & Flails
  1655 | D:2      | Reached skill level 1 in Polearms
  1655 | D:2      | Reached skill level 1 in Staves
  1655 | D:2      | Reached skill level 1 in Ranged Weapons
  1655 | D:2      | Reached skill level 1 in Throwing
  1655 | D:2      | Reached skill level 1 in Armour
  1655 | D:2      | Reached skill level 1 in Shields
  1655 | D:2      | Reached skill level 1 in Unarmed Combat
  1655 | D:2      | Reached skill level 1 in Evocations
  2106 | D:3      | Reached XP level 4. HP: 32/32 MP: 6/11
  2149 | D:3      | Learned a level 2 spell: Poisonous Vapours
  2253 | D:3      | Found an ornate altar of the Wu Jian Council.
  2253 | D:3      | Found a glowing golden altar of the Shining One.
  2353 | D:3      | Reached skill level 1 in Hexes
  2353 | D:3      | Reached skill level 1 in Summonings
  2353 | D:3      | Reached skill level 1 in Necromancy
  2353 | D:3      | Reached skill level 1 in Translocations
  2353 | D:3      | Reached skill level 1 in Transmutations
  2353 | D:3      | Reached skill level 1 in Ice Magic
  2353 | D:3      | Reached skill level 1 in Air Magic
  2353 | D:3      | Reached skill level 1 in Earth Magic
  2353 | D:3      | Reached skill level 1 in Poison Magic
  3055 | D:4      | Noticed a centaur
  3059 | D:4      | Killed a centaur
  3060 | D:4      | Reached XP level 5. HP: 33/37 MP: 8/12
  3247 | D:4      | Identified the +5 sling of the Twenty Curses {heavy, rElec
                  | rF+ MP+9 Dex+3}
  3367 | D:4      | Reached XP level 6. HP: 44/44 MP: 13/13
  3404 | D:4      | Reached skill level 5 in Dodging
  3543 | D:4      | Found Omeguf's Armour Shoppe.
  3549 | D:4      | Bought a +1 cloak of poison resistance for 148 gold pieces
  3878 | D:5      | Entered Level 5 of the Dungeon
  3886 | D:5      | Found a sand-covered staircase.
  3907 | Ossuary  | Entered an ossuary
  3954 | Ossuary  | Reached XP level 7. HP: 50/51 MP: 15/15
  4367 | D:5      | Reached skill level 5 in Stealth
  4425 | D:5      | Reached XP level 8. HP: 36/58 MP: 13/16
  5076 | D:6      | Noticed Sigmund
  5082 | D:6      | Killed Sigmund
  5152 | D:6      | Found a staircase to the Ecumenical Temple.
  5161 | Temple   | Entered the Ecumenical Temple
  5365 | Temple   | Became a worshipper of Cheibriados the Contemplative
  5445 | D:6      | Learned a level 4 spell: Flame Wave
  5482 | D:6      | Noticed a wraith
  5488 | D:6      | Killed a wraith
  5495 | D:6      | Noticed a troll
  5500 | D:6      | Killed a troll
  5501 | D:6      | Reached XP level 9. HP: 46/65 MP: 18/18
  5759 | D:6      | Noticed Eustachio
  5775 | D:6      | Killed Eustachio
  5794 | D:6      | Found a basalt altar of Yredelemnul.
  5795 | D:6      | Found a bloodstained altar of Trog.
  5795 | D:6      | Found a hide-covered altar of Uskayaw.
  5796 | D:6      | Found an opulent altar of Gozag.
  6116 | D:7      | Found a flagged portal.
  6125 | Bailey   | Entered a bailey
  6148 | Bailey   | Reached skill level 5 in Invocations
  6385 | Bailey   | Noticed a two-headed ogre
  6396 | Bailey   | Killed a two-headed ogre
  6454 | Bailey   | Identified the +1 fire dragon scales of Qeil {Rampage Fly
                  | rElec rF++ rC- Dex-2}
  6486 | Bailey   | Reached skill level 5 in Fighting
  6486 | Bailey   | Reached skill level 5 in Short Blades
  6486 | Bailey   | Reached skill level 5 in Long Blades
  6486 | Bailey   | Reached skill level 5 in Axes
  6486 | Bailey   | Reached skill level 5 in Maces & Flails
  6486 | Bailey   | Reached skill level 5 in Polearms
  6486 | Bailey   | Reached skill level 5 in Staves
  6486 | Bailey   | Reached skill level 5 in Ranged Weapons
  6486 | Bailey   | Reached skill level 5 in Throwing
  6486 | Bailey   | Reached skill level 5 in Armour
  6486 | Bailey   | Reached skill level 5 in Shields
  6486 | Bailey   | Reached skill level 5 in Unarmed Combat
  6486 | Bailey   | Reached skill level 5 in Evocations
  6486 | Bailey   | Reached XP level 10. HP: 65/74 MP: 20/20
  6535 | Bailey   | HP: 5/111 [spriggan/+6 flail of venom (4)]
  6537 | Bailey   | HP: 2/111 [spriggan/+6 flail of venom (10)]
  6537 | Bailey   | Mangled by a spriggan

Illustrated notes

Levels and vault maps discovered:
D:1:      minmay_arrival_checkered_box, layout_loops_ring, minmay_box_of_dots
D:2:      layout_rooms
D:3:      minmay_wonky_spiral, layout_basic, nicolae_overflow_two_pavilions,
          minmay_misc_feat_plants
D:4:      layout_basic, serial_shops, nicolae_shop_hallway_plus
D:5:      layout_loops_ring, enter_ossuary_1
D:6:      layout_rooms, chequers_temple_overflow_statue_of_worship,
          minmay_temple_entry_nine_rooms, minmay_three_doors, uniq_eustachio,
          uniq_sigmund
D:7:      layout_loops_cross, enter_bailey_8
Temple:   eino_temple_scatter_basement
Bailey:   bailey_polearm_enchanted_keep_hellmonk, bailey

Skill      XL: |  1  2  3  4  5  6  7  8  9 10 |
---------------+-------------------------------+-----
Conjurations   | 2 3 4 |  4.8
Spellcasting   | 5 6 7 |  7.2
Invocations    | 1 2 3 4 5 |  5.6
Fighting       | 1 2 3 4 5 |  5.1
Short Blades   | 1 2 3 4 5 |  5.1
Long Blades    | 1 2 3 4 5 |  5.1
Axes           | 1 2 3 4 5 |  5.1
Maces & Flails | 1 2 3 4 5 |  5.1
Polearms       | 1 2 3 4 5 |  5.1
Staves         | 1 2 3 4 5 |  5.1
Ranged Weapons | 1 2 3 4 5 |  5.1
Throwing       | 1 2 3 4 5 |  5.1
Armour         | 1 2 3 4 5 |  5.1
Shields        | 1 2 3 4 5 |  5.1
Unarmed Combat | 1 2 3 4 5 |  5.1
Evocations     | 1 2 3 4 5 |  5.1
Hexes          | 1 2 3 4 |  4.2
Summonings     | 1 2 3 4 |  4.2
Necromancy     | 1 2 3 4 |  4.2
Translocations | 1 2 3 4 |  4.2
Transmutations | 1 2 3 4 |  4.2
Ice Magic      | 1 2 3 4 |  4.2
Air Magic      | 1 2 3 4 |  4.2
Earth Magic    | 1 2 3 4 |  4.2
Poison Magic   | 1 2 3 4 |  4.2
Dodging        | 5 6 |  6.9
Stealth        | 5 6 |  6.7
Fire Magic     | 6 7 |  7.0

Action                     |  1- 3 |  4- 6 |  7- 9 | 10-12 || total
---------------------------+-------+-------+-------+-------++-------
  Melee: Hand axe          |       |     1 |       |       ||     1
         Broad axe         |       |       |       |     3 ||     3
   Fire: Sling             |       |    37 |   111 |       ||   148
   Cast: Foxfire           |    58 |    27 |    14 |     2 ||   101
         Scorch            |     4 |     6 |    21 |     1 ||    32
         Poisonous Vapours |       |     2 |     5 |     2 ||     9
  Evoke: Wand              |       |     1 |     6 |     1 ||     8
    Use: Scroll            |    10 |     2 |    13 |       ||    25
         Potion            |       |       |     2 |     6 ||     8
 Armour: Robe              |     3 |     7 |    21 |       ||    31
         Troll leather arm |       |       |    20 |     1 ||    21
         Skin              |       |       |       |     6 ||     6
  Dodge: Dodged            |     6 |    21 |   127 |    10 ||   164

Table legend: (Time is in decaauts)
 A = Elapsed time spent in this place.
 B = Non-inter-level travel time spent in this place.
 C = Inter-level travel time spent in this place.
 D = Time resting spent in this place.
 E = Time spent auto-exploring this place.
 F = Levels seen in this place.
 G = Mean time per level.
                   A        B        C        D        E       F      G
               +--------+--------+--------+--------+--------+-----+--------+
         Total |   6892 |   6409 |    483 |   1490 |   3786 |  10 |  689.2 |
       Dungeon |   5951 |   5510 |    441 |   1071 |   3537 |   7 |  850.1 |
        Temple |    221 |    179 |     42 |      0 |    164 |   1 |  221.0 |
       Ossuary |    256 |    256 |      0 |    146 |     38 |   1 |  256.0 |
        Bailey |    462 |    462 |      0 |    273 |     46 |   1 |  462.0 |
               +--------+--------+--------+--------+--------+-----+--------+

Top non-repeatable levels by time:
     D:1: 1243 daAuts
     D:5: 1090 daAuts
     D:3: 1014 daAuts
     D:4: 889 daAuts
     D:2: 850 daAuts
     D:6: 789 daAuts
  Bailey: 462 daAuts
 Ossuary: 256 daAuts
  Temple: 221 daAuts
     D:7: 73 daAuts
